| TOP OF THE 1ST |
|
Paris Cubs batting - Pitching for Brockton Rox : RHP Austin O'Connor
|
|
Pitching: RHP Austin O'Connor
|
|
|
Batting: RHB Du Kim
|
0-0: Ball 1-0: Ball 2-0: Called Strike 2-1: Ball 3-1: Called Strike 3-2: Foul Ball, location: 2F 3-2: Fly out, F7 (Line Drive, 7D, EV 92.5 MPH)
|
|
Batting: RHB Leonardo Nava
|
0-0: Ball 1-0: Ball 2-0: Ball 3-0: Called Strike 3-1: Fly out, F7 (Flyball, 78M, EV 95.0 MPH)
|
|
Batting: RHB Ricardo Aguinaga
|
0-0: Called Strike 0-1: Ball 1-1: Foul Ball, location: 2F 1-2: Strikes out swinging
|
| Top of the 1st over - 0 runs, 0 hits, 0 errors, 0 left on base; Paris 0 - Brockton 0 |
| BOTTOM OF THE 1ST |
|
Brockton Rox batting - Pitching for Paris Cubs : RHP Ryohei Uda
|
|
Pitching: RHP Ryohei Uda
|
|
|
Batting: RHB Sal Rivera
|
0-0: Called Strike 0-1: Foul Ball, location: 2F 0-2: Ball 1-2: Strikes out swinging
|
|
Batting: RHB Mike Griffin
|
0-0: Called Strike 0-1: Ball 1-1: Swinging Strike 1-2: Foul Ball, location: 2F 1-2: Strikes out swinging
|
|
Batting: LHB Danny Montoya
|
0-0: Foul Ball, location: 2F 0-1: Ball 1-1: Ball 2-1: Fly out, F8 (Flyball, 8RM, EV 81.9 MPH)
|
| Bottom of the 1st over - 0 runs, 0 hits, 0 errors, 0 left on base; Paris 0 - Brockton 0 |
| TOP OF THE 2ND |
|
Paris Cubs batting - Pitching for Brockton Rox : RHP Austin O'Connor
|
|
Batting: RHB Sam Sours
|
0-0: Called Strike 0-1: Ball 1-1: Foul Ball, location: 2F 1-2: Ball 2-2: Strikes out swinging
|
|
Batting: RHB David Barnard
|
0-0: Called Strike 0-1: Ball 1-1: Foul Ball, location: 2F 1-2: Fly out, F4 (Popup, 4MD, EV 65.6 MPH)
|
|
Batting: LHB Adam Conover
|
0-0: Ball 1-0: Ball 2-0: Ball 3-0: Called Strike 3-1: Called Strike 3-2: Ground out U3 (Groundball, 3L, EV 88.1 MPH)
|
| Top of the 2nd over - 0 runs, 0 hits, 0 errors, 0 left on base; Paris 0 - Brockton 0 |
| BOTTOM OF THE 2ND |
|
Brockton Rox batting - Pitching for Paris Cubs : RHP Ryohei Uda
|
|
Batting: LHB Miguel Maymi
|
0-0: Called Strike 0-1: Called Strike 0-2: Ball 1-2: Fly out, F6 (Popup, 6, EV 53.1 MPH)
|
|
Batting: LHB Aaron Brannon
|
0-0: Ball 1-0: Swinging Strike 1-1: Ground out U3 (Groundball, 34, EV 88.8 MPH)
|
|
Batting: RHB Alex Melendez
|
0-0: Called Strike 0-1: Ball 1-1: Ball 2-1: Ground out 6-3 (Groundball, 6M, EV 85.0 MPH)
|
| Bottom of the 2nd over - 0 runs, 0 hits, 0 errors, 0 left on base; Paris 0 - Brockton 0 |
| TOP OF THE 3RD |
|
Paris Cubs batting - Pitching for Brockton Rox : RHP Austin O'Connor
|
|
Batting: RHB Denis Rachin
|
0-0: Called Strike 0-1: Swinging Strike 0-2: Fly out, F8 (Flyball, 78D, EV 103.1 MPH)
|
|
Batting: RHB Jose Sanchez
|
0-0: Ball 1-0: Called Strike 1-1: Swinging Strike 1-2: Strikes out looking
|
|
Batting: RHB Alvaro Romero
|
0-0: Called Strike 0-1: Swinging Strike 0-2: Ball 1-2: Strikes out swinging
|
| Top of the 3rd over - 0 runs, 0 hits, 0 errors, 0 left on base; Paris 0 - Brockton 0 |
| BOTTOM OF THE 3RD |
|
Brockton Rox batting - Pitching for Paris Cubs : RHP Ryohei Uda
|
|
Batting: RHB Scott Hawkins
|
0-0: Called Strike 0-1: Called Strike 0-2: Ball 1-2: Ball 2-2: Ball 3-2: Hit by Pitch
|
|
Batting: LHB Mike Hutcheson
|
0-0: Ball 1-0: Fielders Choice at 2nd, 3-6 (Groundball, 34S, EV 83.1 MPH)
|
|
Batting: RHB Josh Smith
|
0-0: Called Strike 0-1: Foul Ball, location: 2F 0-2: Ball 1-2: Foul Ball, location: 2F 1-2: Ball 2-2: Strikes out swinging
|
|
Batting: RHB Sal Rivera
|
0-0: Ball 1-0: Called Strike 1-1: Ball 2-1: Foul Ball, location: 2F 2-2: Ball 3-2: SINGLE (Groundball, 25, EV 70.6 MPH) (infield hit) Mike Hutcheson to second
|
|
Batting: RHB Mike Griffin
|
0-0: Foul Ball, location: 2F 0-1: Ball 1-1: Ball 2-1: SINGLE (Groundball, 5S, EV 71.3 MPH) (infield hit) Mike Hutcheson to third Sal Rivera to second
|
|
Pitching: RHP Bogdan Sdobnyakov
|
|
|
Batting: LHB Danny Montoya
|
0-0: Ball 1-0: Foul Ball, location: 2F 1-1: Ground out 4-3 (Groundball, 4, EV 104.4 MPH)
|
| Bottom of the 3rd over - 0 runs, 2 hits, 0 errors, 3 left on base; Paris 0 - Brockton 0 |
| TOP OF THE 4TH |
|
Paris Cubs batting - Pitching for Brockton Rox : RHP Austin O'Connor
|
|
Batting: RHB Du Kim
|
0-0: Ball 1-0: Swinging Strike 1-1: Foul Ball, location: 2F 1-2: Strikes out swinging
|
|
Batting: RHB Leonardo Nava
|
0-0: Swinging Strike 0-1: Fly out, F8 (Flyball, 8LS, EV 91.9 MPH)
|
|
Batting: RHB Ricardo Aguinaga
|
0-0: SINGLE (Groundball, 5D, EV 98.1 MPH)
|
|
Batting: RHB Sam Sours
|
0-0: Ball 1-0: Ball 2-0: Called Strike 2-1: Foul Ball, location: 2F 2-2: Ball 3-2: Foul Ball, location: 2F 3-2: Strikes out looking
|
| Top of the 4th over - 0 runs, 1 hit, 0 errors, 1 left on base; Paris 0 - Brockton 0 |
| BOTTOM OF THE 4TH |
|
Brockton Rox batting - Pitching for Paris Cubs : RHP Bogdan Sdobnyakov
|
|
Batting: LHB Miguel Maymi
|
0-0: Called Strike 0-1: Ground out 6-3 (Groundball, 6, EV 89.4 MPH)
|
|
Batting: LHB Aaron Brannon
|
0-0: Ball 1-0: Ball 2-0: Swinging Strike 2-1: Foul Ball, location: 2F 2-2: Strikes out swinging
|
|
Batting: RHB Alex Melendez
|
0-0: Called Strike 0-1: Foul Ball, location: 2F 0-2: Ball 1-2: Ball 2-2: Strikes out swinging
|
| Bottom of the 4th over - 0 runs, 0 hits, 0 errors, 0 left on base; Paris 0 - Brockton 0 |
| TOP OF THE 5TH |
|
Paris Cubs batting - Pitching for Brockton Rox : RHP Austin O'Connor
|
|
Batting: RHB David Barnard
|
0-0: Ball 1-0: Called Strike 1-1: Ball 2-1: Fly out, F4 (Popup, 4, EV 62.5 MPH)
|
|
Batting: LHB Adam Conover
|
0-0: SINGLE (Line Drive, 7S, EV 93.1 MPH)
|
|
Batting: RHB Denis Rachin
|
0-0: Ball 1-0: Swinging Strike 1-1: Foul Ball, location: 2F 1-2: Reached on error, E6 (Groundball, 6, EV 103.8 MPH) Adam Conover to second
|
|
Batting: RHB Jose Sanchez
|
0-0: Called Strike 0-1: Ball 1-1: Ball 2-1: Foul Ball, location: 2F 2-2: Foul Ball, location: 2F 2-2: Ball 3-2: Strikes out swinging
|
|
Batting: RHB Alvaro Romero
|
0-0: Called Strike 0-1: Reached on error, E6 (Groundball, 56, EV 83.8 MPH) Adam Conover to third Denis Rachin to second
|
|
Batting: RHB Du Kim
|
0-0: Fielders Choice at 2nd, 5-4 (Groundball, 56, EV 83.8 MPH)
|
| Top of the 5th over - 0 runs, 1 hit, 2 errors, 3 left on base; Paris 0 - Brockton 0 |
| BOTTOM OF THE 5TH |
|
Brockton Rox batting - Pitching for Paris Cubs : RHP Bogdan Sdobnyakov
|
|
Pinch Hitting: LHB John Buff
|
0-0: Called Strike 0-1: Ball 1-1: Foul Ball, location: 2F 1-2: Strikes out swinging
|
|
Batting: LHB Mike Hutcheson
|
0-0: Foul Ball, location: 2F 0-1: Called Strike 0-2: SINGLE (Groundball, 6D, EV 100.0 MPH)
|
|
Batting: RHB Josh Smith
|
0-0: Ball 1-0: Ball 2-0: Ball 3-0: Base on Balls Mike Hutcheson to second
|
|
Batting: RHB Sal Rivera
|
0-0: Called Strike 0-1: Swinging Strike 0-2: Ball 1-2: SINGLE (Groundball, P, EV 93.8 MPH) Mike Hutcheson to third Josh Smith to second
|
|
Batting: RHB Mike Griffin
|
0-0: Foul Ball, location: 2F 0-1: Ball 1-1: Grounds into fielders choice 6-2 (Groundball, 6, EV 80.6 MPH) Josh Smith to third Sal Rivera to second
|
|
Batting: LHB Danny Montoya
|
0-0: Called Strike 0-1: Ball 1-1: Called Strike 1-2: Foul Ball, location: 2F 1-2: Foul Ball, location: 2F 1-2: Foul Ball, location: 2F 1-2: Foul Ball, location: 2F 1-2: Foul Ball, location: 2F 1-2: DOUBLE (Flyball, 5D, EV 89.4 MPH) Josh Smith scores Sal Rivera scores Mike Griffin to third Runner from 3rd tries for Home, throw by LF and OUT! 7-6-2
|
| Bottom of the 5th over - 2 runs, 3 hits, 0 errors, 1 left on base; Paris 0 - Brockton 2 |
| TOP OF THE 6TH |
|
Paris Cubs batting - Pitching for Brockton Rox : RHP Austin O'Connor
|
|
Now in LF: Ted Emmerich
|
|
|
Batting: RHB Leonardo Nava
|
0-0: Ball 1-0: Foul Ball, location: 2F 1-1: Called Strike 1-2: Foul Ball, location: 2F 1-2: Strikes out swinging
|
|
Pitching: RHP Josiah Russell
|
|
|
Batting: RHB Ricardo Aguinaga
|
0-0: Ball 1-0: Called Strike 1-1: Swinging Strike 1-2: Fly out, F8 (Flyball, 8LXD, EV 98.1 MPH)
|
|
Batting: RHB Sam Sours
|
0-0: Ball 1-0: Ball 2-0: Called Strike 2-1: Foul Ball, location: 2F 2-2: Strikes out swinging
|
| Top of the 6th over - 0 runs, 0 hits, 0 errors, 0 left on base; Paris 0 - Brockton 2 |
| BOTTOM OF THE 6TH |
|
Brockton Rox batting - Pitching for Paris Cubs : RHP Bogdan Sdobnyakov
|
|
Pitching: LHP Jose Urena
|
|
|
Batting: LHB Miguel Maymi
|
0-0: Called Strike 0-1: Ball 1-1: Ball 2-1: Ground out U3 (Groundball, 34, EV 103.1 MPH)
|
|
Batting: LHB Aaron Brannon
|
0-0: Foul Ball, location: 2F 0-1: Called Strike 0-2: Ball 1-2: Ball 2-2: Foul Ball, location: 2F 2-2: Foul Ball, location: 2F 2-2: Foul Ball, location: 2F 2-2: Strikes out swinging
|
|
Batting: RHB Alex Melendez
|
0-0: Called Strike 0-1: Ball 1-1: Called Strike 1-2: Ball 2-2: Ball 3-2: Foul Ball, location: 2F 3-2: Base on Balls
|
|
Pitching: LHP Ricardo Saucedo
|
|
|
Batting: RHB Ted Emmerich
|
Pickoff Throw to First - Out! 1-3
|
| Bottom of the 6th over - 0 runs, 0 hits, 0 errors, 0 left on base; Paris 0 - Brockton 2 |
| TOP OF THE 7TH |
|
Paris Cubs batting - Pitching for Brockton Rox : RHP Josiah Russell
|
|
Batting: RHB David Barnard
|
0-0: Ball 1-0: Foul Ball, location: 2F 1-1: Called Strike 1-2: Ball 2-2: Ball 3-2: Strikes out swinging
|
|
Batting: LHB Adam Conover
|
0-0: Foul Ball, location: 2F 0-1: Ball 1-1: Ball 2-1: SOLO HOME RUN (Flyball, 7D, EV 99.4 MPH), Distance : 391 ft
|
|
Batting: RHB Denis Rachin
|
0-0: Ball 1-0: Ground out 1-3 (Groundball, 15S, EV 66.9 MPH)
|
|
Batting: RHB Jose Sanchez
|
0-0: Ball 1-0: SOLO HOME RUN (Flyball, 9D, EV 102.5 MPH), Distance : 395 ft
|
|
Pinch Hitting: RHB Taylor Garofalo
|
0-0: Swinging Strike 0-1: Ball 1-1: Ball 2-1: Ball 3-1: Base on Balls
|
|
Batting: RHB Du Kim
|
0-0: Fly out, F3 (Popup, 3L, EV 73.1 MPH)
|
| Top of the 7th over - 2 runs, 2 hits, 0 errors, 1 left on base; Paris 2 - Brockton 2 |
| BOTTOM OF THE 7TH |
|
Brockton Rox batting - Pitching for Paris Cubs : LHP Ricardo Saucedo
|
|
Now at SS: Khalil Stephens
|
|
|
Batting: RHB Ted Emmerich
|
0-0: Called Strike 0-1: Ball 1-1: Foul Ball, location: 2F 1-2: SINGLE (Line Drive, 9LS, EV 86.9 MPH)
|
|
Pinch Hitting: RHB Jim Hubbard
|
0-0: Bunted foul 0-1: Bunted foul 0-2: Ball 1-2: Foul Ball, location: 2F 1-2: Strikes out swinging
|
|
Batting: RHB Josh Smith
|
0-0: Foul Ball, location: 2F 0-1: Grounds into double play, 4-6-3 (Groundball, 4M, EV 79.4 MPH)
|
| Bottom of the 7th over - 0 runs, 1 hit, 0 errors, 0 left on base; Paris 2 - Brockton 2 |
| TOP OF THE 8TH |
|
Paris Cubs batting - Pitching for Brockton Rox : RHP Josiah Russell
|
|
Pitching: RHP Joseph Anderson
|
|
|
Now in RF: Jim Hubbard
|
|
|
Batting: RHB Leonardo Nava
|
0-0: Foul Ball, location: 2F 0-1: SOLO HOME RUN (Flyball, 7LD, EV 92.5 MPH), Distance : 351 ft
|
|
Batting: RHB Ricardo Aguinaga
|
0-0: Swinging Strike 0-1: Ball 1-1: Ball 2-1: Fly out, F8 (Line Drive, 8RD, EV 95.6 MPH)
|
|
Batting: RHB Sam Sours
|
0-0: Ball 1-0: Called Strike 1-1: Foul Ball, location: 2F 1-2: Ball 2-2: Foul Ball, location: 2F 2-2: Foul Ball, location: 2F 2-2: Foul Ball, location: 2F 2-2: SINGLE (Groundball, 6MD, EV 104.4 MPH)
|
|
Pitching: RHP Jose Abanto
|
|
|
Batting: RHB David Barnard
|
0-0: Foul Ball, location: 2F 0-1: Ball 1-1: Ball Sam Sours steals 2nd base 2-1: Called Strike 2-2: Strikes out swinging
|
|
Batting: LHB Adam Conover
|
0-0: Ball 1-0: SINGLE (Flyball, 4MD, EV 95.0 MPH) Sam Sours to third
|
|
Batting: RHB Denis Rachin
|
0-0: Called Strike 0-1: Ball 1-1: Ball 2-1: Ball 3-1: SINGLE (Groundball, 56D, EV 103.8 MPH) Sam Sours scores Adam Conover to second
|
|
Pinch Hitting: LHB Emir Jalil
|
0-0: Called Strike 0-1: Ball 1-1: Ball 2-1: Swinging Strike 2-2: Strikes out swinging
|
| Top of the 8th over - 2 runs, 4 hits, 0 errors, 2 left on base; Paris 4 - Brockton 2 |
| BOTTOM OF THE 8TH |
|
Brockton Rox batting - Pitching for Paris Cubs : LHP Ricardo Saucedo
|
|
Now at 1B: Brad Santanello
|
|
|
Batting: RHB Sal Rivera
|
0-0: Ball 1-0: Ball 2-0: Ball 3-0: Base on Balls
|
|
Batting: RHB Mike Griffin
|
0-0: Foul Ball, location: 2F 0-1: Foul Ball, location: 2F 0-2: Strikes out looking
|
|
Pitching: RHP Nicolai Volnov
|
|
|
Batting: LHB Danny Montoya
|
0-0: Hit by Pitch Sal Rivera to second
|
|
Batting: LHB Miguel Maymi
|
0-0: Called Strike 0-1: Foul Ball, location: 2F 0-2: Foul Ball, location: 2F 0-2: Ball 1-2: Ball 2-2: Ball 3-2: Strikes out looking
|
|
Batting: LHB Aaron Brannon
|
0-0: Called Strike 0-1: Ball 1-1: Fly out, F6 (Flyball, 56D, EV 90.0 MPH)
|
| Bottom of the 8th over - 0 runs, 0 hits, 0 errors, 2 left on base; Paris 4 - Brockton 2 |
| TOP OF THE 9TH |
|
Paris Cubs batting - Pitching for Brockton Rox : RHP Jose Abanto
|
|
Pitching: RHP Danny Marquez
|
|
|
Batting: RHB Khalil Stephens
|
0-0: Called Strike 0-1: Ball 1-1: Foul Ball, location: 2F 1-2: Strikes out swinging
|
|
Batting: RHB Du Kim
|
0-0: DOUBLE (Groundball, 5L, EV 104.4 MPH)
|
|
Batting: RHB Leonardo Nava
|
0-0: Called Strike 0-1: TRIPLE (Line Drive, 8RXD, EV 103.8 MPH) Du Kim scores
|
|
Batting: RHB Ricardo Aguinaga
|
0-0: Called Strike 0-1: Swinging Strike 0-2: Foul Ball, location: 2F 0-2: Ball 1-2: Fly out, F9 (Flyball, 89XD, EV 98.8 MPH) Runner from 3rd tags up, SCORES, no throw by RF
|
|
Batting: RHB Sam Sours
|
0-0: Ball 1-0: Swinging Strike 1-1: Swinging Strike 1-2: Strikes out looking
|
| Top of the 9th over - 2 runs, 2 hits, 0 errors, 0 left on base; Paris 6 - Brockton 2 |
| BOTTOM OF THE 9TH |
|
Brockton Rox batting - Pitching for Paris Cubs : RHP Nicolai Volnov
|
|
Batting: RHB Alex Melendez
|
0-0: Called Strike 0-1: Ground out 5-3 (Groundball, 56S, EV 70.0 MPH)
|
|
Batting: RHB Ted Emmerich
|
0-0: Ball 1-0: Called Strike 1-1: Foul Ball, location: 2F 1-2: Strikes out swinging
|
|
Batting: RHB Jim Hubbard
|
0-0: Swinging Strike 0-1: Foul Ball, location: 2F 0-2: Ball 1-2: Fly out, F8 (Flyball, 8LD, EV 93.8 MPH)
|
| Bottom of the 9th over - 0 runs, 0 hits, 0 errors, 0 left on base; Paris 6 - Brockton 2 |
|